 Dungeon Crawl Stone Soup version 0.13.0-29-gdb529de (webtiles) character file.

265 Lilouch the Firebug (level 4, -1/24 HPs)
             Began as a Deep Elf Fire Elementalist on Nov 5, 2013.
             Killed from afar by Sigmund (6 damage)
             ... with a magic dart
             ... on Level 3 of the Dungeon.
             The game lasted 00:12:45 (2260 turns).

Lilouch the Firebug (Deep Elf Fire Elementalist)    Turns: 2260, Time: 00:12:45

HP  -1/24        AC  4     Str  5      XL: 4   Next: 57%
MP   9/12        EV 13     Int 21      God:
Gold 158         SH  0     Dex 15      Spells:  2 memorised,  4 levels left

Res.Fire  : + . .   See Invis. : .   p - +0 whip (reach)
Res.Cold  : . . .   Warding    : .   w - +1 robe {rF+}
Life Prot.: . . .   Conserve   : .   (no shield)
Res.Poison: .       Res.Corr.  : .   (no helmet)
Res.Elec. : .       Clarity    : .   (no cloak)
Sust.Abil.: . .     Spirit.Shd : .   n - +0 pair of gauntlets
Res.Mut.  : .       Stasis     : .   (no boots)
Res.Rott. : .       Flight     : .   (no amulet)
Saprovore : . . .                    (no ring)
                                     k - ring of protection from magic {unknown}

@: somewhat resistant to hostile enchantments, fairly stealthy
A: no striking features
a: no special abilities


You were on level 3 of the Dungeon.
You were very hungry.

You visited 1 branch of the dungeon, and saw 3 of its levels.

You collected 138 gold pieces.

Inventory:

Hand weapons
 d - a +0,+4 dagger
 j - a -1,+1 orcish dagger (quivered)
 l - a +0,+0 dagger
 p - a +0,+0 whip of reaching (weapon)
 s - a +0,+0 dagger
 v - a +0,+0 elven dagger
Armour
 m - a +0 shield
 n - a +0 pair of gauntlets (worn)
 w - a +1 robe of fire resistance (worn)
Comestibles
 c - 3 bread rations
 q - a beef jerky
Scrolls
 e - 2 scrolls of curse weapon {unknown}
 f - a scroll of magic mapping {unknown}
 g - a scroll of identify {unknown}
 h - a scroll of teleportation {unknown}
 o - 3 scrolls of remove curse {unknown}
 t - a scroll of noise {unknown}
 u - a scroll of curse armour {unknown}
Jewellery
 k - a ring of protection from magic (left hand) {unknown}
 r - a cursed +3 ring of dexterity {unknown}
Potions
 i - 2 potions of restore abilities {unknown}
Books
 b - a book of Flames

   Spells                             Type                      Level
   *Flame Tongue                      Conjuration/Fire             1
   Throw Flame                        Conjuration/Fire             2
   *Conjure Flame                     Conjuration/Fire             3
   Inner Flame                        Hexes/Fire                   3
   Sticky Flame                       Conjuration/Fire             4
   Fireball                           Conjuration/Fire             5


   Skills:
 - Level 1.0 Armour
 - Level 2.4 Dodging
 - Level 2.4 Stealth
 + Level 2.6 Spellcasting
 * Level 3.1 Conjurations
 + Level 4.2 Fire Magic


You had 4 spell levels left.
You knew the following spells:

 Your Spells              Type           Power        Failure   Level  Hunger
a - Flame Tongue          Conj/Fire      ###..        3%          1    None
b - Conjure Flame         Conj/Fire      ###.....     12%         3    ###....


Dungeon Overview and Level Annotations

Branches:
Dungeon (3/27)

Altars:

Annotations:
D:3 Sigmund


Message History

Magic restored.
Eat which item? (? for menu, Esc to quit)
Okay, then.
A bat comes into view.
Sigmund hits you with a scythe.
Sigmund points at you and mumbles some strange words.
The magic dart hits you!
Casting: Flame Tongue
Confirm with . or Enter, or press ? or * to list all spells.
Aiming: Conjure Flame
Press: ? - help, Dir - move target cursor The fire roars!
Sigmund hits you from afar with a scythe!
Sigmund casts a spell at you. The puff of flame hits you! You resist.
One of your 2 scrolls labeled MOCO THUCRE catches fire!
* * * LOW HITPOINT WARNING * * *
Sigmund gestures at you while chanting. The magic dart hits you!
You die...

#####.#.#### #..........
####..........###..>...###
...........................
...#..........#######.####
##.#..........# .#
##.#####.###### .# ##.# #.#
.######
##.#####.############........
................@...ยง........
##.#####.############@.......
##.#####.##### .......
#............. .b.....
#...[.......... .......
#.............. ......
#......######## .###.
#...........@@. ..
#......####### .


You could see Sigmund.

Vanquished Creatures
  Jessica (D:3)
  3 adders
  A worm (D:2)
  3 bats
  4 giant cockroaches
  7 hobgoblins
  2 jackals (D:2)
  An ooze (D:1)
  A ball python (D:3)
  A giant gecko (D:2)
  4 giant newts
  10 goblins
  8 kobolds
  7 rats
53 creatures vanquished.

Notes
Turn   | Place    | Note
--------------------------------------------------------------
     0 | D:1      | Lilouch, the Deep Elf Fire Elementalist, began the quest for the Orb.
     0 | D:1      | Reached XP level 1. HP: 10/10 MP: 4/4
   174 | D:1      | Reached skill level 1 in Armour
   246 | D:1      | Reached XP level 2. HP: 15/15 MP: 4/6
   805 | D:2      | Reached XP level 3. HP: 19/19 MP: 0/9
  1390 | D:2      | Learned a level 3 spell: Conjure Flame
  1408 | D:2      | Reached skill level 4 in Fire Magic
  1794 | D:3      | Reached XP level 4. HP: 21/24 MP: 6/12
  2089 | D:3      | Noticed Sigmund
  2089 | D:3      | Noticed Jessica
  2150 | D:3      | Killed Jessica
  2260 | D:3      | Killed from afar by Sigmund

Action                   |  1- 3 |  4- 6 || total
-------------------------+-------+-------++-------
Melee: Dagger            |     6 |       ||     6
       Unarmed           |     2 |       ||     2
       Whip              |    27 |    33 ||    60
Throw: Dagger            |     4 |     2 ||     6
 Cast: Flame Tongue      |    73 |     9 ||    82
       Conjure Flame     |     1 |     4 ||     5
 Stab: Sleeping          |     2 |       ||     2
